 Dungeon Crawl Stone Soup version 0.30-a0-779-g7971cf19c3 (webtiles) character file.

Game seed: 14906018585499545111

33 Leeroy the Magician (level 3, -2/18 HPs)
             Began as a Vine Stalker Warper on Feb 17, 2023.
             Slain by an adder (3 damage)
             ... on level 1 of the Dungeon.
             The game lasted 00:01:15 (892 turns).

Leeroy the Magician (Vine Stalker Warper)            Turns: 892, Time: 00:01:16

Health: -2/18      AC:  3    Str: 13    XL:     3   Next: 29%
Magic:  0/9        EV: 11    Int: 13    God:
Gold:   27         SH:  0    Dex: 15    Spells: 4/9 levels left

rFire   . . .      SeeInvis .    a - +0 falchion
rCold   . . .      Faith    .    (no shield)
rNeg    . . .      Spirit   +    b - +0 leather armour
rPois   .          Reflect  .    (no helmet)
rElec   .          Harm     .    (no cloak)
rCorr   .          Rampage  .    (no gloves)
Will    .....                    (no boots)
Stlth   +                        (no amulet)
HPRegen 0.23/turn                (no ring)
MPRegen 0.11/turn                (no ring)

@: no status effects
A: fangs 2, magic shield, antimagic bite, no potion heal 2
a: no special abilities


You were on level 1 of the Dungeon.
You visited 1 branch of the dungeon, and saw 2 of its levels.

You collected 27 gold pieces.

Inventory:

Hand Weapons
 a - a +0 falchion (weapon)
Missiles
 d - 7 boomerangs of dispersal (quivered)
 j - 5 poisoned darts
Armour
 b - a +0 leather armour (worn)
Scrolls
 c - a scroll of blinking
 i - 3 scrolls of identify {unknown}
 k - a scroll of enchant weapon {unknown}
 m - a scroll of immolation {unknown}
 p - 2 scrolls of vulnerability {unknown}
Potions
 e - 2 potions of heal wounds {unknown}
 f - a potion of ambrosia {unknown}
 g - a potion of haste {unknown}
 h - a potion of lignification {unknown}
 l - a potion of curing {unknown}
 n - a potion of mutation {unknown}
 o - 2 potions of berserk rage {unknown}


   Skills:
 - Level 1.7 Fighting
 - Level 2.0 Long Blades
 - Level 0.8 Throwing
 - Level 0.7 Armour
 - Level 1.5 Dodging
 * Level 3.5 Spellcasting
 - Level 3.0 Translocations


You had 4 spell levels left.
You knew the following spells:

 Your Spells              Type           Power      Damage    Failure   Level
a - Blink                 Tloc           20%        N/A       12%         2
b - Vhi's Electric Charg  Tloc/Air       12%        N/A       41%         3

Your spell library contained the following spells:

 Spells                   Type           Power      Damage    Failure   Level
 Lesser Beckoning         Tloc           20%        N/A       12%         2
 Teleport Other           Tloc           10%        N/A       24%         3
 Manifold Assault         Tloc           10%        N/A       63%         4


Dungeon Overview and Level Annotations

Branches:
Dungeon (2/15)

Altars:

Annotations:
D:2 Sigmund


Innate Abilities, Weirdness & Mutations

You have extremely sharp teeth.
When hurt, damage is shared between your health and your magic reserves.
Your bite disrupts and absorbs the magic of your enemies.
Potions cannot restore your health.


Message History

A bat comes into view.
The giant cockroach bites you but does no damage.
The adder bites you.
You are poisoned.
The adder poisons you!
The giant cockroach attacks as you move away!
The giant cockroach bites you.
You feel sick. The bat closely misses you.
You feel sick. The bat hits you but does no damage. The bat hits you.
The adder bites you but does no damage.
You feel sick.
The bat barely misses you. x2; The adder closely misses you.
The adder attacks as you move away! The adder barely misses you.
You feel sick. The bat hits you but does no damage.
The bat attacks as you move away! The bat hits you but does no damage.
A quokka comes into view.
You feel sick.
You are no longer poisoned.
The bat hits you.
* * * LOW HITPOINT WARNING * * *
The adder attacks as you move away! The adder completely misses you.
Found a stone staircase leading up.
The adder bites you but does no damage.
Okay, then.
Cast which spell? (? or * to list)
You blink.
An adder comes into view.
The adder hisses angrily.
There is a stone staircase leading up here.
The adder bites you.
* * * LOW HITPOINT WARNING * * *
You climb upwards.
Reactivating autopickup.
You feel stable enough to blink again.
There is a stone staircase leading down here.
You closely miss the adder. The adder bites you.
* * * LOW HITPOINT WARNING * * *
You closely miss the adder. The adder barely misses you. The adder bites you.
You hit the adder. Your punch misses the adder. Your bite misses the adder.
The adder is moderately wounded.
The adder misses you. The adder bites you.
You die...

#....# #.#........##.##
##...######.#........#..#
..........#.#..........##
###....##.#.#........###
####.##.#.#........#
######......#........#
..........#..........#
#~...~#####......))#######
~.....~≈≈≈#.###.@S.......#
.......~≈≈#.# #..........#
........~≈#.# #..........#
.........~#.# #..).......#
..~~~.....#.###..........#
.≈...~....#..............#
.~.<.~....#####..........#
(~...~....#####..........#
..~~~.....#............[.#


You could see an adder.

Vanquished Creatures
  3 ball pythons
  5 endoplasms
  2 giant cockroaches (D:1)
  6 hobgoblins (D:1)
  A quokka (D:1)
  3 bats
  A frilled lizard (D:1)
  4 goblins (D:1)
  A kobold (D:1)
  3 rats (D:1)
29 creatures vanquished.

Notes
Turn   | Place    | Note
-------+----------+-------------------------------------------
     0 | D:1      | Leeroy the Vine Stalker Warper began the quest for the Orb.
     0 | D:1      | Reached XP level 1. HP: 11/11 MP: 4/4
    91 | D:1      | Reached XP level 2. HP: 15/15 MP: 4/6
   643 | D:1      | Reached XP level 3. HP: 15/18 MP: 5/8
   794 | D:1      | Learned a level 2 spell: Blink
   798 | D:1      | Learned a level 3 spell: Vhi's Electric Charge
   851 | D:2      | Noticed Sigmund
   892 | D:1      | Slain by an adder

Illustrated notes

Levels and vault maps discovered:
D:1:      enne_arrival_octagon_isle, layout_basic, st_stairs_3,
          patterned_corridor
D:2:      layout_rooms, uniq_sigmund

Skill      XL: |  1  2 |
---------------+-------+-----
Long Blades    | 2 |  2.0
Spellcasting   | 3 |  3.5
Fighting       | |  1.7
Throwing       | |  0.8
Armour         | |  0.7
Dodging        | |  1.5
Translocations | |  3.0

Action                     || total
---------------------------++-------
  Melee: Falchion          ||    66
         Bite              ||    15
   Cast: Blink             ||     1
 Armour: Leather armour    ||    27
  Dodge: Dodged            ||    61

Table legend: (Time is in decaauts)
 A = Elapsed time spent in this place.
 B = Non-inter-level travel time spent in this place.
 C = Inter-level travel time spent in this place.
 D = Time resting spent in this place.
 E = Time spent auto-exploring this place.
 F = Levels seen in this place.
 G = Mean time per level.
                   A        B        C        D        E       F      G
               +--------+--------+--------+--------+--------+-----+--------+
         Total |    905 |    849 |     56 |      0 |    654 |   2 |  452.5 |
       Dungeon |    905 |    849 |     56 |      0 |    654 |   2 |  452.5 |
               +--------+--------+--------+--------+--------+-----+--------+

Top non-repeatable levels by time:
     D:1: 865 daAuts
     D:2: 40 daAuts
